 Dungeon Crawl Stone Soup version 0.30-a0-859-gf88a04b62d (webtiles) character file.

Game seed: 5136385727634291922

711 Juicyj the Conjurer (level 7, -10/36 HPs)
             Began as a Deep Elf Conjurer on Mar 6, 2023.
             Killed from afar by an acid dragon (19 damage)
             ... with a splash of acid
             ... on level 5 of the Dungeon.
             The game lasted 00:08:36 (4617 turns).

Juicyj the Conjurer (Deep Elf Conjurer)             Turns: 4617, Time: 00:08:37

Health: -10/36     AC:  2    Str:  4    XL:     7   Next: 40%
Magic:  11/17      EV: 13    Int: 29    God:
Gold:   144        SH:  7    Dex: 13    Spells: 10/16 levels left

rFire   . . .      SeeInvis .    y - +3 short sword (venom)
rCold   . . .      Faith    .    j - +4 buckler of Exclusion {Int+4}
rNeg    . . .      Spirit   .    k - +2 robe {Archmagi}
rPois   +          Reflect  .    n - +2 hat
rElec   .          Rampage  .    (no cloak)
rCorr   .          Archmagi +    (no gloves)
Will    +....                    (no boots)
Stlth   +++                      (no amulet)
HPRegen 0.26/turn                t - ring of poison resistance
MPRegen 0.15/turn                (no ring)

@: corroded
A: strong-willed 1
a: no special abilities


You were on level 5 of the Dungeon.
You visited 1 branch of the dungeon, and saw 5 of its levels.

You collected 144 gold pieces.

Inventory:

Hand Weapons
 c - a +0 whip
 f - a +0 dagger
 r - a +0 rapier of venom
 y - a +3 short sword of venom (weapon)
Missiles
 z - a throwing net
Armour
 a - a +1 robe
 d - the +6 scale mail of Kiohabat {Harm Rampage rElec Dex-5}
   (You found it on level 2 of the Dungeon)

   Dex:       It affects your dexterity (-5).
   rElec:     It insulates you from electricity.
   Harm:      It increases damage dealt and taken.
   Rampage:   It bestows one free step when moving towards enemies.
 j - the +4 buckler of Exclusion (worn) {Int+4}
   (You found it on level 2 of the Dungeon)

   Int:       It affects your intelligence (+4).
 k - a +2 robe of the Archmagi (worn)
 n - a +2 hat (worn)
Jewellery
 m - an amulet of guardian spirit
 t - a ring of poison resistance (left hand)
Wands
 g - a wand of roots (6)
 v - a wand of flame (23)
Scrolls
 l - 3 scrolls of immolation
 o - a scroll of teleportation
 p - a scroll of magic mapping {unknown}
 s - a scroll of poison {unknown}
 u - a scroll of enchant weapon {unknown}
 w - a scroll of noise {unknown}
Potions
 b - a potion of magic
 e - a potion of might
 h - a potion of curing
 i - a potion of mutation
 q - a potion of resistance {unknown}


   Skills:
 - Level 4.7 Dodging
 - Level 5.0 Stealth
 - Level 5.4 Spellcasting
 - Level 5.8 Conjurations
 - Level 5.2 Hexes
 + Level 1.1 Summonings


You had 10 spell levels left.
You knew the following spells:

 Your Spells              Type           Power      Damage    Failure   Level
a - Magic Dart            Conj           100%       1d8       1%          1
b - Searing Ray           Conj           100%       2d8       1%          2
c - Dazzling Flash        Conj/Hex       100%       N/A       2%          3

Your spell library contained the following spells:

 Spells                   Type           Power      Damage    Failure   Level
 Summon Small Mammal      Summ           84%        N/A       5%          1
 Summon Guardian Golem    Hex/Summ       39%        N/A       7%          3
 Fulminant Prism          Conj/Hex       28%        3d13      9%          4
 Scorch                   Fire           22%        2d6       12%         2
 Call Canine Familiar     Summ           21%        N/A       16%         3
 Flame Wave               Conj/Fire      37%        2d10      24%         4
 Iskenderun's Mystic Bla  Conj/Tloc      37%        2d9       24%         4
 Orb of Destruction       Conj           29%        9d9       99%         7
 Summon Cactus Giant      Summ           10%        N/A       100%        6
 Spellforged Servitor     Conj/Summ      21%        N/A       100%        7


Dungeon Overview and Level Annotations

Branches:
Dungeon (5/15)             Temple (0/1) D:4

Altars:
Gozag
Vehumet
Xom

Shops:
D:5 (


Innate Abilities, Weirdness & Mutations

You are strong-willed. (Will+)


Message History

* * * LOW HITPOINT WARNING * * *
The acid corrodes you!
Casting: Magic Dart (safe; 1% risk of failure)
Confirm with . or Enter, or press ? or * to list all spells.
Okay, then.
Blink to where?
Press: ? - help, Q - select action, (/) - cycle Dir - move target, p - acid dragon
As you read the scroll of blinking, it crumbles to dust.
You feel better.
Casting: Magic Dart (safe; 1% risk of failure)
Confirm with . or Enter, or press ? or * to list all spells.
Aiming: Magic Dart (safe; 1% risk of failure)
Press: ? - help, Shift-Dir - straight line, f - acid dragon
Aim: an acid dragon (heavily wounded, catching its breath, 100% to hit)
You feel a surge of power!
The magic dart hits the acid dragon but does no damage.
The acid dragon is heavily wounded.
Casting: Magic Dart (safe; 1% risk of failure)
Confirm with . or Enter, or press ? or * to list all spells.
Aiming: Magic Dart (safe; 1% risk of failure)
Press: ? - help, Shift-Dir - straight line, f/p - acid dragon
Aim: an acid dragon (heavily wounded, catching its breath, 100% to hit)
You feel a surge of power!
The magic dart hits the acid dragon.
The acid dragon is heavily wounded.
Aiming: Fastroot
Press: ? - help, Q - select action, (/) - cycle Shift-Dir - straight line, f/p - acid dragon
Aim: an acid dragon (heavily wounded)
The roots erupt in riotous growth!
Roots grab the acid dragon.
The grasping roots constrict the acid dragon.
The acid dragon escapes!
Aiming: Throw Flame
Press: ? - help, Q - select action, (/) - cycle Shift-Dir - straight line, f/p - acid dragon
Aim: an acid dragon (severely wounded, 68% to hit)
The puff of flame hits the acid dragon.
The acid dragon is almost dead.
The acid dragon spits acid at you. The splash of acid hits you!!
Ouch! That really hurt!
You die...

.####### #.#.....# #.#.....#
###.#.....# #<#.#.....#
#.........# #.........######
#######.@............#
.............###.###.#
####....##.######.###.#
........##.####.....#.#
#..D..............'.#
#.###.....##.#..#.....###
.#............#..###.########
...D.........................
....)#.#.####.#..###.######..


You could see an acid dragon (catching breath).

Vanquished Creatures
  Grinder (D:3)
  A water moccasin (D:5)
  A black bear (D:3)
  A vampire bat (D:3)
  2 jellies (D:5)
  A hound (D:4)
  An iguana (D:5)
  3 gnolls (D:2)
  5 adders
  A shadow imp (D:5)
  2 worms
  2 dart slugs
  An orc (D:5)
  4 endoplasms
  9 giant cockroaches
  4 goblins
  4 hobgoblins
  8 jackals
  A quokka (D:5)
  3 training dummies (D:5)
  5 ball pythons
  11 bats
  A frilled lizard (D:3)
  7 kobolds
  3 rats
82 creatures vanquished.

Vanquished Creatures (others)
  2 plants (D:3)
2 creatures vanquished.

Grand Total: 84 creatures vanquished

Notes
Turn   | Place    | Note
-------+----------+-------------------------------------------
     0 | D:1      | Juicyj the Deep Elf Conjurer began the quest for the Orb.
     0 | D:1      | Reached XP level 1. HP: 10/10 MP: 6/6
   565 | D:2      | Reached XP level 2. HP: 15/15 MP: 0/8
   661 | D:2      | Identified the +6 scale mail of Kiohabat {Harm Rampage
                  | rElec Dex-5}
  1073 | D:2      | Reached XP level 3. HP: 19/19 MP: 0/10
  1152 | D:1      | Gained mutation: You are strong-willed. (Will+) [potion of
                  | mutation]
  1423 | D:2      | Learned a level 2 spell: Searing Ray
  1427 | D:2      | Learned a level 3 spell: Dazzling Flash
  1476 | D:2      | Identified the +4 buckler of Exclusion {Int+4}
  1570 | D:2      | Found a faded altar of an unknown god.
  1732 | D:3      | Reached XP level 4. HP: 23/24 MP: 4/11
  1845 | D:3      | Noticed a black bear
  1854 | D:3      | Killed a black bear
  1855 | D:3      | Reached skill level 5 in Conjurations
  1855 | D:3      | Reached XP level 5. HP: 19/28 MP: 3/13
  2192 | D:3      | Found an opulent altar of Gozag.
  2200 | D:3      | Noticed Grinder
  2213 | D:3      | Killed Grinder
  2214 | D:3      | Reached skill level 5 in Stealth
  2214 | D:3      | Reached skill level 5 in Spellcasting
  2214 | D:3      | Reached XP level 6. HP: 23/32 MP: 2/16
  2322 | D:3      | Found a shimmering altar of Xom.
  2850 | D:4      | Found a staircase to the Ecumenical Temple.
  3082 | D:4      | Reached skill level 1 in Hexes
  3941 | D:5      | Entered Level 5 of the Dungeon
  3970 | D:5      | Found a radiant altar of Vehumet.
  4241 | D:5      | Reached XP level 7. HP: 36/36 MP: 13/17
  4300 | D:5      | Found Suokuat's Firing Range.
  4542 | D:5      | Reached skill level 5 in Hexes
  4548 | D:5      | Reached skill level 1 in Summonings
  4617 | D:5      | Killed from afar by an acid dragon

Illustrated notes

Levels and vault maps discovered:
D:1:      tarquinn_simple_flora_water_a, layout_rooms
D:2:      layout_rooms, hellmonk_ecumenical_altar_blasted
D:3:      minmay_angry_zag, layout_rooms,
          mainiacjoe_overflow_concentric_impassable, old_standard_altar,
          chequers_big_river, roderic_batcave, uniq_grinder
D:4:      layout_layer_cave, minmay_temple_entry_enclosed_plants,
          serial_bayou_pond_a
D:5:      layout_basic, fiery_altar_vehumet, gammafunk_ghost_gnarly_gnolls,
          nicolae_shop_firing_range

Skill      XL: |  1  2  3  4  5  6  7 |
---------------+----------------------+-----
Dodging        | 3 4 |  4.7
Stealth        | 3 4 5 |  5.0
Spellcasting   | 4 5 |  5.4
Conjurations   | 5 |  5.8
Hexes          | 3 5 |  5.2
Summonings     | 1 |  1.1

Action                     |  1- 3 |  4- 6 |  7- 9 || total
---------------------------+-------+-------+-------++-------
  Melee: Unarmed           |     5 |       |       ||     5
   Cast: Magic Dart        |    70 |   122 |    41 ||   233
  Evoke: Wand              |       |       |     2 ||     2
    Use: Scroll            |    10 |       |     1 ||    11
         Potion            |     3 |       |     1 ||     4
 Armour: Robe              |     2 |     3 |       ||     5
  Dodge: Dodged            |    10 |    11 |     7 ||    28
  Block: Buckler           |       |     1 |     1 ||     2

Table legend: (Time is in decaauts)
 A = Elapsed time spent in this place.
 B = Non-inter-level travel time spent in this place.
 C = Inter-level travel time spent in this place.
 D = Time resting spent in this place.
 E = Time spent auto-exploring this place.
 F = Levels seen in this place.
 G = Mean time per level.
                   A        B        C        D        E       F      G
               +--------+--------+--------+--------+--------+-----+--------+
         Total |   4625 |   4460 |    165 |    512 |   3429 |   5 |  925.0 |
       Dungeon |   4625 |   4460 |    165 |    512 |   3429 |   5 |  925.0 |
               +--------+--------+--------+--------+--------+-----+--------+

Top non-repeatable levels by time:
     D:4: 1196 daAuts
     D:3: 1027 daAuts
     D:1: 882 daAuts
     D:2: 844 daAuts
     D:5: 675 daAuts
